 Dungeon Crawl Stone Soup version 0.31-a0-145-g046c7d2549 (webtiles) character file.

Game seed: 7515036169660242754

31 Irreverend the Insei (level 3, 0/23 HPs)
             Began as an Octopode Transmuter on June 7, 2023.
             Was an Initiate of Ru.
             Slain by a gnoll
             ... wielding a +0 halberd
              (12 damage)
             ... on level 2 of the Dungeon.
             The game lasted 00:02:57 (1797 turns).

Irreverend the Insei (Octopode Transmuter)          Turns: 1797, Time: 00:02:57

Health: 0/23       AC:  1    Str:  9    XL:     3   Next: 22%
Magic:  6/6        EV: 10    Int: 23    God:    Ru [......]
Gold:   134        SH:  7    Dex: 12    Spells: 5/6 levels left

rFire   . .          .
                       - Unarmed
rCold   . . .        h - +0 kite shield
rNeg    . . .        (helmet restricted)
rPois   .            (no amulet)
rElec   .            g - +6 ring of intelligence
rCorr   .            (no ring)
SInv    .            (no ring)
Will    .....        (no ring)
Stlth   ++           (no ring)
HPRegen 0.23/turn    (no ring)
MPRegen 0.10/turn    (no ring)
                     (no ring)

%: no passive effects
@: no status effects
A: almost no armour, amphibious, 8 rings, camouflage 1, gelatinous body 1,
(nimble swimmer 1), tentacles
a: Renounce Religion


You were on level 2 of the Dungeon.
You worshipped Ru.
Ru was noncommittal.
You visited 1 branch of the dungeon, and saw 2 of its levels.

You collected 134 gold pieces.

Inventory:

Armour
 a - a +0 helmet
 h - a +0 kite shield (worn)
Jewellery
 g - a +6 ring of intelligence (left tentacle)
Scrolls
 b - 2 scrolls of identify {unknown}
 c - 2 scrolls of teleportation {unknown}
 i - a scroll of blinking {unknown}
 k - a scroll of amnesia {unknown}
 l - a scroll of magic mapping {unknown}
Potions
 d - a potion of attraction {unknown}
 e - a potion of brilliance {unknown}
 f - a potion of invisibility {unknown}
 j - a potion of curing {unknown}


   Skills:
 + Level 1.5 Fighting
 + Level 2.4 Dodging
 + Level 0.8 Shields
 * Level 3.5 Unarmed Combat
 - Level 2.0 Spellcasting
 - Level 2.0 Transmutations


You had 5 spell levels left.
You knew the following spells:

 Your Spells              Type           Power      Damage    Failure   Level
a - Beastly Appendage     Tmut           22%        N/A       32%         1

Your spell library contained the following spells:

 Spells                   Type           Power      Damage    Failure   Level
 Wereblood                Tmut           11%        N/A       45%         2
 Poisonous Vapours        Pois/Air       4%         N/A       75%         2
 Spider Form              Tmut/Pois      6%         N/A       83%         3
 Mephitic Cloud           Conj/Pois/Air  2%         N/A       92%         3
 Ice Form                 Ice/Tmut       6%         N/A       99%         4
 Freezing Cloud           Conj/Ice/Air   1%         6-21      100%        5


Dungeon Overview and Level Annotations

Branches:
Dungeon (2/15)

Altars:
Ru

Shops:
D:2 [


Innate Abilities, Weirdness & Mutations

You cannot wear most types of armour.
You are amphibious.
You can wear up to eight rings at the same time.
Your skin changes colour to match your surroundings (Stealth+).
Your rubbery body absorbs attacks. (AC +1, EV +1)
((You are camouflaged when in or above water. (Stealth+)))
You have tentacles for arms and can constrict up to eight enemies at once.


Message History

Found a metallic orange potion.
The gnoll shouts!
You hear a shout! x3
You tentacle-slap the gnoll. Your grab misses the gnoll.
The gnoll is moderately wounded.
The gnoll hits you with a +0 flail!
You barely miss the gnoll. Your grab misses the gnoll.
Your tentacle-slap misses the gnoll.
You squeeze the gnoll.
The gnoll is severely wounded.
A gnoll comes into view. It is wielding a +0 halberd.
The gnoll hits you with a +0 flail. You block the gnoll's attack.
You are too injured to fight recklessly!
You are too injured to fight recklessly!
You are too injured to fight recklessly!
You are too injured to fight recklessly!
You are too injured to fight recklessly!
You are too injured to fight recklessly!
You are too injured to fight recklessly!
You are too injured to fight recklessly!
You are too injured to fight recklessly!
You are too injured to fight recklessly!
You are too injured to fight recklessly!
You are too injured to fight recklessly!
You are too injured to fight recklessly!
You are too injured to fight recklessly!
You are too injured to fight recklessly!
You are too injured to fight recklessly!
You are too injured to fight recklessly!
The gnoll shouts!
You tentacle-slap the gnoll. You grab the gnoll.
You squeeze the gnoll, but do no damage.
The gnoll is severely wounded.
You constrict the gnoll, but do no damage.
You hear a shout!
A gnoll comes into view. It is wielding a +0 club.
You block the gnoll's attack.
You tentacle-slap the gnoll.
You kill the gnoll!
The gnoll hits you from afar with a +0 halberd!
Ouch! That really hurt!
You die...

#........# #........#
#........#
#..=.....#######
#...............
#...............
#...............
##!#####...............
#..gg)@................
########.........######
#######+###


You could see 2 gnolls.

Vanquished Creatures
  A gnoll (D:2)
  An adder (D:2)
  A worm (D:2)
  An endoplasm (D:1)
  A giant cockroach (D:2)
  2 goblins
  3 hobgoblins (D:2)
  4 jackals (D:2)
  A quokka (D:1)
  A ball python (D:1)
  2 frilled lizards
18 creatures vanquished.

Notes
Turn   | Place    | Note
-------+----------+-------------------------------------------
     0 | D:1      | Irreverend the Octopode Transmuter began the quest for the
                  | Orb.
     0 | D:1      | Reached XP level 1. HP: 13/13 MP: 3/3
   363 | D:1      | You fall into a shaft and drop 1 floor!
   878 | D:2      | Found Qagirel's Armour Emporium.
   888 | D:2      | Reached XP level 2. HP: 18/18 MP: 5/5
   959 | D:2      | Found a sacrificial altar of Ru.
  1337 | D:2      | Became a worshipper of Ru the Awakened
  1762 | D:2      | Reached XP level 3. HP: 16/23 MP: 6/6
  1797 | D:2      | Slain by a gnoll

Illustrated notes

Levels and vault maps discovered:
D:1:      elethiomel_arrival_quiet, layout_basic
D:2:      layout_basic, serial_shops, shop, basic_altar,
          nicolae_underground_beach

Action                     || total
---------------------------++-------
  Melee: Unarmed           ||    56
         Constrict         ||    11
         Kick              ||     2
         Tentacles         ||     9
         Punch             ||     2
   Cast: Beastly Appendage ||     3
    Use: Potion            ||     1
   Stab: Sleeping          ||     4
 Armour: Skin              ||     5
  Dodge: Dodged            ||    28
  Block: Kite shield       ||    14

Table legend: (Time is in decaauts)
 A = Elapsed time spent in this place.
 B = Non-inter-level travel time spent in this place.
 C = Inter-level travel time spent in this place.
 D = Time resting spent in this place.
 E = Time spent auto-exploring this place.
 F = Levels seen in this place.
 G = Mean time per level.
                   A        B        C        D        E       F      G
               +--------+--------+--------+--------+--------+-----+--------+
         Total |   1804 |   1700 |    104 |    322 |   1182 |   2 |  902.0 |
       Dungeon |   1804 |   1700 |    104 |    322 |   1182 |   2 |  902.0 |
               +--------+--------+--------+--------+--------+-----+--------+

Top non-repeatable levels by time:
     D:2: 995 daAuts
     D:1: 808 daAuts
